 Dungeon Crawl Stone Soup version 0.22.1-2-g9c5b331383 (webtiles) character file.

133 Revguard the Chopper (level 4, -2/35 HPs)
             Began as a Demonspawn Gladiator on Dec 2, 2018.
             Slain by an orc
             ... wielding a +0 hand axe
              (6 damage)
             ... on level 2 of the Dungeon.
             The game lasted 00:13:37 (1372 turns).

Revguard the Chopper (Demonspawn Gladiator)         Turns: 1372, Time: 00:13:38

Health: -2/35      AC:  8    Str: 13 (15) XL:     4   Next: 93%
Magic:  4/4        EV: 13    Int:  8 (9)  God:
Gold:   53         SH:  0    Dex: 13 (15) Spells: 3/3 levels left

rFire    . . .     SeeInvis .   a - +1 war axe
rCold    . . .     Gourm    .   (no shield)
rNeg     . . .     Faith    .   b - +0 leather armour
rPois    .         Spirit   .   (helmet restricted)
rElec    .         Reflect  .   (no cloak)
rCorr    .         Harm     .   (no gloves)
MR       .....                  (no boots)
Stlth    +.........             (no amulet)
HPRegen  0.11/turn              l - +4 ring of protection
MPRegen  0.09/turn              (no ring)

@: lethally poisoned (-2 -> -5)
A: horns 1, rugged brown scales 1
a: no special abilities


You were on level 2 of the Dungeon.
You were not hungry.

You visited 1 branch of the dungeon, and saw 2 of its levels.

You collected 53 gold pieces.

Inventory:

Hand Weapons
 a - a +1 war axe (weapon)
Missiles
 d - 3 throwing nets (quivered)
Armour
 b - a +0 leather armour (worn)
 c - a +0 helmet
 g - a +0 plate armour
Jewellery
 l - a +4 ring of protection (left hand)
Scrolls
 h - 3 scrolls of identify {unknown}
Comestibles
 f - 6 rations


   Skills:
 + Level 2.5 Fighting
 + Level 3.7 Axes
 - Level 1.7 Throwing
 * Level 2.2 Armour
 + Level 3.3 Dodging


You had 3 spell levels left.
You didn't know any spells.
Your spell library was empty.

Dungeon Overview and Level Annotations

Branches:
Dungeon (2/15)

Altars:


Innate Abilities, Weirdness & Mutations

You have a pair of small horns on your head.
You are partially covered in rugged brown scales. (AC +1, +3% HP)


Message History

The orc looks frightened!
The orc priest looks frightened!
It was a scroll of fear.
* * * LOW HITPOINT WARNING * * *
You feel sick.
The orc shouts!
* * * LOW HITPOINT WARNING * * *
You feel sick.
As you read the scroll labeled VESHIF RAGUI, it crumbles to dust.
You hear a loud clanging noise!
It was a scroll of noise.
* * * LOW HITPOINT WARNING * * *
You feel sick.
As you read the scroll labeled UWEQOV CIMEPOS, it crumbles to dust.
It is a scroll of enchant weapon.
Your +0 war axe glows red for a moment.
You barely miss the orc. You headbutt the orc.
The orc is heavily wounded.
* * * LOW HITPOINT WARNING * * *
You feel sick. The orc closely misses you. The orc hits you with a hand axe.
You die...

#.# #.#
..########.##########
.......).............
...####÷...##########
#.##### .... .
####.....# .... .#.
#...####.# .... ....
#@#......## .... ...#
#o#..#....# ####
...#.#.......# #...
#.#(..<#....# #...
#..(#.o..#### #...
###(#..### ####
#.#†.# #.#.o# #.#..#


You could see an orc.

Vanquished Creatures
  Natasha (twice) (D:2)
  Terence (D:2)
  2 adders (D:2)
  A leopard gecko (D:2)
  2 orcs (D:2)
  4 bats (D:1)
  4 giant cockroaches
  6 goblins
  4 hobgoblins
  3 jackals (D:1)
  A kobold (D:1)
  A frilled lizard (D:1)
  A quokka skeleton (D:2)
  3 rats
35 creatures vanquished.

Notes
Turn   | Place    | Note
-------+----------+-------------------------------------------
     0 | D:1      | Revguard the Demonspawn Gladiator began the quest for the
                  | Orb.
     0 | D:1      | Reached XP level 1. HP: 16/16 MP: 1/1
   143 | D:1      | Gained mutation: You have a pair of small horns on your
                  | head. [demonic ancestry]
   143 | D:1      | Reached XP level 2. HP: 17/22 MP: 2/2
   777 | D:2      | Noticed Natasha
   782 | D:2      | Killed Natasha
   782 | D:2      | Reached skill level 1 in Armour
   782 | D:2      | Reached XP level 3. HP: 9/27 MP: 3/3
   975 | D:2      | Gained mutation: You are partially covered in rugged brown
                  | scales. (AC +1, +3% HP) [demonic ancestry]
   975 | D:2      | Reached XP level 4. HP: 21/35 MP: 4/4
  1064 | D:2      | Noticed Terence
  1089 | D:2      | Killed Terence
  1319 | D:2      | Noticed Natasha
  1332 | D:2      | Killed Natasha
  1372 | D:2      | Slain by an orc

Skill      XL: |  1  2  3  4 |
---------------+-------------+-----
Axes           | 3 |  3.7
Armour         | 1 2 |  2.2
Dodging        | 3 |  3.3
Fighting       | |  2.5
Throwing       | |  1.7

Action                   |  1- 3 |  4- 6 || total
-------------------------+-------+-------++-------
Melee: War axe           |    86 |    45 ||   131
       Headbutt          |    10 |    12 ||    22
  Use: Scroll            |       |     3 ||     3
       Potion            |       |     3 ||     3
  Eat: Ration            |       |     1 ||     1
Armor: Leather armour    |    39 |    20 ||    59
Dodge: Dodged            |    83 |    43 ||   126
